 Dungeon Crawl Stone Soup version 0.31.0-12-g77e489cdc1 (webtiles) character file.

Game seed: 4920874310581451393

5606 Silvore the Carver (level 10, 0/39 (77) HPs)
             Began as a Demonspawn Fighter on Feb 15, 2024.
             Was a High Priest of Okawaru.
             Killed by divine providence
             ... invoked by Jeremiah
              (16 damage)
             ... on level 8 of the Dungeon.
             The game lasted 00:14:10 (6871 turns).

Silvore the Carver (Demonspawn Fighter)             Turns: 6871, Time: 00:14:11

HP:   0/39 (77)     AC: 10    Str: 20    XL:     10   Next: 45%
MP:   10/10         EV: 19    Int:  9    God:    Okawaru [*****.]
Gold: 558           SH:  0    Dex: 13    Spells: 9/9 levels left

rFire   + + .        a - melded +2 long sword (flame)
rCold   + + .        g - melded +0 kite shield
rNeg    + + +        e - melded +0 chain mail
rPois   ∞            i - melded +0 helmet
rElec   +            d - melded +1 cloak
rCorr   +            m - melded +0 pair of gloves
SInv    .            (boots currently unavailable)
Will    .....        l - melded amulet of regeneration
Stlth   ++           j - melded +4 ring of protection
HPRegen 0.26/turn    (ring currently unavailable)
MPRegen 0.24/turn

%: no passive effects
@: wisp-form (expiring), flying, very heavily drained
A: insubstantial, flying, no casting, tiny, (hooves 1), (icy blue scales 1),
powered by pain 1, magic regeneration
a: Renounce Religion, Heroism, Finesse, Duel


You were on level 8 of the Dungeon.
You worshipped Okawaru.
Okawaru was extremely pleased with you.
You were an insubstantial wisp.
You visited 2 branches of the dungeon, and saw 9 of its levels.
You also visited: Ossuary.

You collected 558 gold pieces.

Inventory:

Hand Weapons
 a - a +2 long sword of flaming (melded)
Armour
 b - a +0 scale mail
 c - a +0 buckler
 d - a +1 cloak (melded)
 e - a +0 chain mail (melded)
 g - a +0 kite shield (melded)
 i - a +0 helmet (melded)
 m - a +0 pair of gloves (melded)
Jewellery
 j - a +4 ring of protection (melded)
 l - an amulet of regeneration (melded)
Wands
 x - a wand of flame (17)
Scrolls
 h - 3 scrolls of teleportation
 q - a scroll of brand weapon
 r - a scroll of amnesia
 s - a scroll of immolation
 t - a scroll of fog
 u - 5 scrolls of identify
 v - a scroll of revelation
Potions
 f - 3 potions of degeneration
 k - 2 potions of enlightenment
 n - 2 potions of curing
 o - a potion of brilliance


   Skills:
 + Level 6.8 Fighting
 + Level 9.1 Long Blades
 + Level 6.8 Armour
 + Level 3.1 Dodging
 + Level 1.1 Stealth
 + Level 7.3 Shields


You had 9 spell levels left.
You didn't know any spells.
Your spell library contained the following spells:

 Spells                   Type           Power      Damage    Failure   Level
 Necrotise                Necr           0%         1d4       38%         1
 Vampiric Draining        Necr           0%         2d6       77%         3
 Volatile Blastmotes      Fire/Tloc      0%         2d10      77%         3
 Fulminant Prism          Conj/Alch      0%         3d5       99%         4
 Iskenderun's Mystic Bla  Conj/Tloc      0%         2d3       99%         4
 Curse of Agony           Necr           0%         N/A       100%        5
 Martyr's Knell           Necr/Summ      Unusable   N/A       N/A         4

Dungeon Overview and Level Annotations

Branches:
Dungeon (8/15)             Temple (1/1) D:5         Ossuary (visited)
   Lair: D:8-11

Altars:
Ashenzari
Cheibriados
Dithmenos
Gozag
Hepliaklqana
Kikubaaqudgha
Makhleb
Nemelex Xobeh
Okawaru
Qazlal
Sif Muna
Trog
Uskayaw
Vehumet
Wu Jian
Yredelemnul

Shops:
D:2 ?

Annotations:
D:8 Jeremiah


Innate Abilities, Weirdness & Mutations

You are an insubstantial wisp.
Your tiny insubstantial body is highly resistant to most damage types.
You are flying.
Your equipment is entirely melded.
You are incapable of wielding weapons or throwing items.
You cannot cast spells.
((You have large cloven feet.))
((You are partially covered in icy blue scales. (AC +2)))
You sometimes gain a little power by taking damage.
You regenerate magic rapidly.


Message History

Jeremiah zaps a wand.
You turn into an insubstantial wisp.
Your +2 long sword of flaming melds into your body.
Your +1 cloak melds into your body.
Your +0 helmet melds into your body.
Your +0 pair of gloves melds into your body.
Your +0 kite shield melds into your body.
Your +0 chain mail melds into your body.
Your +4 ring of protection melds into your body.
Your amulet of regeneration melds into your body.
Your +2 long sword of flaming stops flaming.
You touch Jeremiah.
Jeremiah is almost dead.
The butterfly disappears in a burst of colours!
Jeremiah asks, "Where am I?
Why are you fighting me?"
Jeremiah hits you with a +4 trident of draining.
* * * LOW HITPOINT WARNING * * *
You touch Jeremiah.
Jeremiah is almost dead.
Jeremiah misses you.
Unknown command.
The butterfly disappears in a burst of colours!
Jeremiah misses you.
You miss the butterfly.
The butterfly disappears in a burst of colours! x2
Jeremiah hops!
The butterfly disappears in a burst of colours!
The butterfly disappears in a burst of colours!
The butterfly disappears in a burst of colours!
The butterfly disappears in a burst of colours!
The butterfly disappears in a burst of colours! x2
The butterfly disappears in a burst of colours!
You touch the butterfly!
You kill the butterfly!
The butterfly disappears in a burst of colours! x2
Your transformation is almost over.
The butterfly disappears in a burst of colours!
The butterfly disappears in a burst of colours!
Jeremiah throws their arms up pleadingly.
Something smites you!
You die...
Jeremiah says, "O terrible one, your will is done."

..b.by°## #.### ###..
.###by## #...####...# #b#
###.#....##.
#..###############...#####.
............................
##
#.#.#########..[.........####
.. #. #####.....##...######
≈. #..b.......>......... ..
#.###.##v.[...#.##.###### ##
#####.....Fb[#......##.#
####..........b..b..######.#
.......######........#####.#
.....### #..######....##.#
#..### #.## ####.<#.######
#.## ###.. ##........#
..#####.....# ##.......#
....)...#### ####..(.#


You could see Jeremiah.

Vanquished Creatures
  A two-headed ogre (D:7)
  A wyvern (D:7)
  3 yaks (D:7)
  Grum (D:8)
  2 steam dragons
  A water moccasin (D:6)
  2 orc warriors
  A sky beast (D:6)
  An ice beast (D:6)
  5 ogres
  2 centaurs
  4 wolves (D:7)
  2 phantoms
  2 elf zombies (Ossuary)
  A kobold brigand (D:8)
  3 scorpions
  A burial acolyte (Ossuary)
  11 wights
  The ghost of awry the Chopper, a weakling MiBe of Trog (D:3)
  4 killer bees (D:8)
  A bombardier beetle (D:5)
  6 centaur zombies
  A jelly (D:5)
  7 hounds
  2 orc priests
  Crazy Yiuf (D:4)
  A gnoll bouda (D:5)
  An iguana (D:4)
  10 orc wizards
  2 crocodile zombies (Ossuary)
  2 hound zombies (Ossuary)
  4 mummies
  6 gnolls
  11 adders
  2 shadow imps
  A white imp (D:4)
  2 ufetubi (D:6)
  4 adder zombies (Ossuary)
  6 dart slugs
  39 orcs
  5 ball pythons
  6 bats
  6 endoplasms
  2 giant cockroaches
  A gnoll zombie (Ossuary)
  6 goblins
  9 hobgoblins
  4 jackals (D:3)
  3 quokkas
  3 frilled lizards
  7 jackal zombies (Ossuary)
  13 kobolds
  4 kobold zombies (Ossuary)
  4 orc zombies (Ossuary)
  4 rats
235 creatures vanquished.

Notes
Turn   | Place    | Note
-------+----------+-------------------------------------------
     0 | D:1      | Silvore the Demonspawn Fighter began the quest for the Orb.
     0 | D:1      | Reached XP level 1. HP: 18/18 MP: 1/1
    59 | D:1      | Gained mutation: You regenerate magic rapidly. [demonic
                  | ancestry]
    59 | D:1      | Reached XP level 2. HP: 24/24 MP: 2/2
   284 | D:1      | Reached skill level 2 in Long Blades
   295 | D:1      | Reached XP level 3. HP: 25/29 MP: 3/3
   968 | D:2      | Found The Oracle's Delphic Readings.
   995 | D:2      | Gained mutation: You sometimes gain a little power by
                  | taking damage. [demonic ancestry]
   995 | D:2      | Reached XP level 4. HP: 35/35 MP: 4/4
  1469 | D:3      | Found a sparkling altar of Nemelex Xobeh.
  1590 | D:3      | Found a runed translucent gate.
  1592 | D:3      | Noticed awry's ghost (weakling MiBe)
  1593 | D:3      | Found a runed translucent gate.
  1594 | D:3      | Found a runed translucent gate.
  1889 | D:3      | Found a snail-covered altar of Cheibriados.
  1898 | D:3      | Reached XP level 5. HP: 42/42 MP: 5/5
  2043 | D:3      | Killed awry's ghost
  2044 | D:3      | Reached skill level 3 in Long Blades
  2247 | D:4      | Found a runed translucent door.
  2248 | D:4      | Noticed Crazy Yiuf
  2331 | D:4      | Paralysed by Crazy Yiuf for 1 turns
  2338 | D:4      | Killed Crazy Yiuf
  2339 | D:4      | Reached XP level 6. HP: 26/48 MP: 6/6
  2592 | D:4      | Reached skill level 4 in Long Blades
  2993 | D:5      | Entered Level 5 of the Dungeon
  3019 | D:5      | Reached XP level 7. HP: 55/55 MP: 7/7
  3117 | D:5      | Noticed a +0 dagger
  3118 | D:5      | Found a hide-covered altar of Uskayaw.
  3118 | D:5      | Noticed a +0 hand axe
  3208 | D:5      | Found a hazy altar of Hepliaklqana.
  3259 | D:5      | Reached skill level 5 in Long Blades
  3347 | D:5      | Reached skill level 1 in Dodging
  3368 | D:5      | Found a staircase to the Ecumenical Temple.
  3381 | Temple   | Entered the Ecumenical Temple
  3406 | Temple   | Became a worshipper of Warmaster Okawaru
  3584 | D:5      | Gained mutation: You are partially covered in icy blue
                  | scales. (AC +2) [demonic ancestry]
  3584 | D:5      | Reached XP level 8. HP: 50/61 MP: 8/8
  3983 | D:6      | Found a radiant altar of Vehumet.
  3993 | D:6      | Reached skill level 5 in Fighting
  3993 | D:6      | Reached skill level 6 in Long Blades
  3996 | D:6      | Reached * piety under Okawaru
  3997 | D:6      | Reached skill level 5 in Shields
  4057 | D:6      | Reached skill level 5 in Armour
  4068 | D:6      | Noticed an angel
  4194 | D:6      | Identified the +3 scale mail of Exclusion {rElec rPois rC-
                  | Stlth+}
  4242 | D:6      | Found a shadowy altar of Dithmenos.
  4252 | D:6      | Reached ** piety under Okawaru
  4437 | D:6      | Gained mutation: You have large cloven feet. [demonic
                  | ancestry]
  4437 | D:6      | Reached XP level 9. HP: 68/68 MP: 9/9
  4648 | D:6      | Found an ornate altar of the Wu Jian Council.
  4778 | D:6      | Reached skill level 7 in Long Blades
  4909 | D:7      | Found a sand-covered staircase.
  4913 | Ossuary  | Entered an ossuary
  4998 | Ossuary  | Reached *** piety under Okawaru
  5007 | Ossuary  | Reached skill level 1 in Stealth
  5454 | D:7      | Reached skill level 8 in Long Blades
  5636 | D:7      | Reached **** piety under Okawaru
  5939 | D:7      | Reached XP level 10. HP: 71/74 MP: 10/10
  6035 | D:8      | Noticed Grum
  6035 | D:8      | Noticed Jeremiah
  6036 | D:8      | Found a burning altar of Makhleb.
  6043 | D:8      | Noticed a two-headed ogre
  6232 | D:7      | Killed a two-headed ogre
  6233 | D:7      | Reached skill level 9 in Long Blades
  6240 | D:8      | Killed Grum
  6312 | D:8      | Reached ***** piety under Okawaru
  6871 | D:8      | Killed from afar by Jeremiah

Illustrated notes

Levels and vault maps discovered:
D:1:      dpeg_arrival_shrine, layout_loops_cross, st_stairs_2,
          minmay_misc_feat_four_crosses
D:2:      layout_rooms, nicolae_nh_oracle_at_delphi
D:3:      layout_loops_ring, mainiacjoe_overflow_cross_hatched,
          kennysheep_slug_shrine, biasface_ghost_orc_armoury, nrook_mini_vaults
D:4:      layout_layer_cave, uniq_crazy_yiuf_cottage
D:5:      layout_cave_pools, old_standard_altar, dancing_weapons_uskayaw,
          minmay_temple_entry_ruins, corexii_leaking_fountain
D:6:      layout_basic, nicolae_vehumet_radiance, nzn_wu_jian_contemplation,
          zin_angel, grunt_dithmenos_shadows
D:7:      layout_loops_ring, enter_ossuary_5, minmay_mini_ossuary
D:8:      layout_rooms, amcnicky_altar_gilded, nicolae_ru_path_of_blood,
          uniq_jeremiah, uniq_grum
Temple:   compressed_dpeg_circular_temple

Skill      XL: |  1  2  3  4  5  6  7  8  9 10 |
---------------+-------------------------------+-----
Armour         | 3 4 5 6 |  6.8
Shields        | 3 4 5 6 7 |  7.3
Long Blades    | 2 3 4 5 6 8 9 |  9.1
Fighting       | 4 5 6 |  6.8
Dodging        | 1 2 3 |  3.1
Stealth        | 1 |  1.1

Action                     |  1- 3 |  4- 6 |  7- 9 | 10-12 || total
---------------------------+-------+-------+-------+-------++-------
  Melee: Long sword        |   124 |   178 |   498 |   172 ||   972
         Kick              |       |       |    83 |    32 ||   115
         Unarmed           |       |       |       |     4 ||     4
    Use: Scroll            |     2 |    10 |     6 |     3 ||    21
         Potion            |       |     1 |       |     2 ||     3
   Stab: Distracted        |       |       |     1 |       ||     1
 Armour: Scale mail        |    86 |   132 |    12 |       ||   230
         Chain mail        |       |       |   427 |   146 ||   573
         Skin              |       |       |       |    23 ||    23
  Dodge: Dodged            |    48 |    64 |   147 |    66 ||   325
  Block: Buckler           |    11 |       |       |       ||    11
         Kite shield       |    31 |    75 |   289 |   122 ||   517
